 Dungeon Crawl Stone Soup version 0.23.0-3-gf3c87f2 (webtiles) character file.

Game seed: 15872238253013081200

32 vishdafish the Charmwright (level 3, -5/27 HPs)
             Began as a Demonspawn Skald on Feb 22, 2019.
             Slain by a worm (10 damage)
             ... on level 2 of the Dungeon.
             The game lasted 00:01:10 (1069 turns).

vishdafish the Charmwright (Demonspawn Skald)       Turns: 1069, Time: 00:01:10

Health: -5/27      AC:  3    Str: 11    XL:     3   Next: 8%
Magic:  4/6        EV: 12    Int: 15    God:
Gold:   97         SH:  0    Dex: 14    Spells: 5/6 levels left

rFire    . . .     SeeInvis .   a - +0 falchion
rCold    . . .     Gourm    .   (no shield)
rNeg     . . .     Faith    .   b - +0 leather armour
rPois    .         Spirit   .   (no helmet)
rElec    .         Reflect  .   (no cloak)
rCorr    .         Harm     .   (no gloves)
MR       .....                  (no boots)
Stlth    ++........             (no amulet)
HPRegen  0.09/turn              (no ring)
MPRegen  0.10/turn              (no ring)

@: infused
A: talons 1, thin skeletal structure 1
a: no special abilities


You were on level 2 of the Dungeon.
You were hungry.

You visited 1 branch of the dungeon, and saw 2 of its levels.

You collected 97 gold pieces.

Inventory:

Hand Weapons
 a - a +0 falchion (weapon)
Armour
 b - a +0 leather armour (worn)
Scrolls
 c - a scroll of enchant armour {unknown}
 e - a scroll of teleportation {unknown}
 g - a scroll of remove curse {unknown}
 h - a scroll of amnesia {unknown}
 i - a scroll of magic mapping {unknown}
 l - a scroll of identify {unknown}
Potions
 f - a potion of might {unknown}
 j - a potion of invisibility {unknown}
 k - 2 potions of mutation {unknown}
Comestibles
 d - 3 rations


   Skills:
 + Level 2.2 Fighting
 + Level 2.0 Long Blades
 + Level 1.4 Armour
 + Level 2.0 Dodging
 + Level 2.2 Spellcasting
 + Level 3.0 Charms


You had 5 spell levels left.
You knew the following spells:

 Your Spells              Type           Power        Failure   Level  Hunger
a - Infusion              Chrm           ##..         9%          1    #......

Your spell library contained the following spells:

 Spells                   Type           Power        Failure   Level  Hunger
 Song of Slaying          Chrm           ##......     12%         2    ###....
 Shroud of Golubria       Chrm/Tloc      #.........   22%         2    ###....
 Regeneration             Chrm/Necr      #.........   41%         3    ###....
 Spectral Weapon          Hex/Chrm       #.......     41%         3    ###....


Dungeon Overview and Level Annotations

Branches:
Dungeon (2/15)

Altars:


Innate Abilities, Weirdness & Mutations

You have sharp toenails.
You have a somewhat thin skeletal structure. (Dex +2, Stealth)


Message History

There are monsters nearby!
You hit the goblin.
The goblin is severely wounded.
The goblin hits you but does no damage.
You hit the goblin but do no damage.
The goblin is severely wounded.
The goblin barely misses you.
You hit the goblin.
You kill the goblin!
Things that are here:
a +0 club; a goblin corpse
Casting: Infusion (safe; 9% risk of failure)
Confirm with . or Enter, or press ? or * to list all spells.
You begin infusing your attacks with magical energy.
The worm bites you!
* * * LOW HITPOINT WARNING * * *
You hit the worm!
The worm is heavily wounded.
The worm bites you!
You die...

#........#.#.#
#####
#........#....
....###
#........#
#?####.......
#........#
#<...........
#....)...#
#............
#........#
#............
#........#
#...........)
#........#
#w#.#####....
#######..#
#@#.# ###
##.###.#..
###..##.#...
#.......#.##.
#.......#.#.#
#.
#.....#.#.#..
.#
.......#.#.#
.......#.#..
.......#.#.#


You could see a worm.

Vanquished Creatures
  A dart slug (D:1)
  5 bats
  A giant cockroach (D:2)
  A goblin (D:2)
  8 hobgoblins
  A frilled lizard (D:2)
  6 kobolds
  3 rats (D:1)
26 creatures vanquished.

Notes
Turn   | Place    | Note
-------+----------+-------------------------------------------
     0 | D:1      | vishdafish the Demonspawn Skald began the quest for the
                  | Orb.
     0 | D:1      | Reached XP level 1. HP: 16/16 MP: 3/3
    42 | D:1      | Reached skill level 1 in Armour
   113 | D:1      | Gained mutation: You have a somewhat thin skeletal
                  | structure. (Dex +2, Stealth) [demonic ancestry]
   113 | D:1      | Reached XP level 2. HP: 6/22 MP: 1/5
   400 | D:1      | Reached skill level 3 in Charms
  1012 | D:2      | Gained mutation: You have sharp toenails. [demonic
                  | ancestry]
  1012 | D:2      | Reached XP level 3. HP: 17/27 MP: 6/6
  1069 | D:2      | Slain by a worm

Skill      XL: |  1  2 |
---------------+-------+-----
Armour         | 1 |  1.4
Charms         | 3 |  3.0
Dodging        | 2 |  2.0
Long Blades    | 2 |  2.0
Fighting       | |  2.2
Spellcasting   | |  2.2

Action                   || total
-------------------------++-------
Melee: Falchion          ||    67
       Kick              ||     1
 Cast: Infusion          ||     3
 Stab: Sleeping          ||     3
Armor: Leather armour    ||    16
Dodge: Dodged            ||    49
       Rpst.: Falchion   ||    13
